cohdb
Replays
Latest Replays
All Replays
Popular Replays
Top Player Replays
Match Explorer
How It Works
Community
CoH3 Stats
Reddit
Sign in to upload your games and track your stats! →
Sign in with Steam
Match 44941439
Unlisted
Match 44941439
Overview
Messages
Build Orders
End
Construct Section Command Post
Vickers Machine Gun Team
Dingo Light Scout Car
Selects Canadian Shock Battlegroup
Selects Canadian Shock Battlegroup
Infantry Section
Infantry Section
Selects Attacking Spirit
Selects Canadian Shock Section
Construct Platoon Command Post
Humber Armored Car
Selects Incendiary Munitions
Canadian Shock Section
Humber Armored Car
Grenade Package
Selects Pyrotechnics
Unlock Bishop Self-propelled Artillery
Bishop Self-propelled Artillery
6-pounder Anti-tank Gun Team
CMP 15cwt Truck
Selects Smoke Operation
Gwangju's Hero Chun Doo-gwang
[MM] Mircin
Knightz
Noch
.
Oblivion
五杆大长枪
Vyre
0
0
Comments
sign in to comment!
No comments posted yet!